cohdb
Replays
Latest Replays
All Replays
Popular Replays
Top Player Replays
Match Explorer
How It Works
Community
CoH3 Stats
Reddit
Sign in to upload your games and track your stats! →
Sign in with Steam
Match 44584174
Unlisted
Match 44584174
Overview
Messages
Build Orders
End
Royal Engineer Section
Construct Section Command Post
Selects Canadian Shock Battlegroup
Infantry Section
ML 3-inch Mortar Team
Infantry Section
Construct Platoon Command Post
Selects Attacking Spirit
Selects Canadian Shock Section
Humber Armored Car
Infantry Section
Construct Company Command Post
Selects Burnout
Matilda II Heavy Tank
Selects Pyrotechnics
Selects Smoke Operation
Matilda II Heavy Tank
Unlock Towed 17-pounder Anti-tank Guns
Grenade Package
Royal Engineer Section
Armored Vehicle Training
Selects Pyrotechnics
Unlock M3 Grant Medium Tanks
M3 Grant Medium Tank
M3 Grant Medium Tank
M3 Grant Medium Tank
Foot Guards Section
Canadian Shock Section
17-pounder Anti-tank Gun Team
Selects Churchill Crocodile Heavy Tank
Churchill Crocodile Heavy Tank
[QSA] Aerocrastic
trea
Alekel
Knightz
GodlySn4ke
moemoe
Jeremy
JT
0
0
Comments
sign in to comment!
No comments posted yet!